 Dungeon Crawl Stone Soup version 0.23.2-1-ga50397a (webtiles) character file.

Game seed: 16736562059133439710

3 MalarOregon the Chiller (level 1, -6/13 HPs)
             Began as a Merfolk Ice Elementalist on May 14, 2019.
             Mangled by a hobgoblin
             ... wielding a +0 club
              (7 damage)
             ... on level 1 of the Dungeon.
             The game lasted 00:00:44 (243 turns).

MalarOregon the Chiller (Merfolk Ice Elementalist)   Turns: 243, Time: 00:00:45

Health: -6/13      AC:  2    Str:  8    XL:     1   Next: 50%
Magic:  1/3        EV: 13    Int: 14    God:
Gold:   0          SH:  2    Dex: 14    Spells: 3/4 levels left

rFire    . . .     SeeInvis .   (no weapon)
rCold    . . .     Gourm    .   (no shield)
rNeg     . . .     Faith    .   a - +0 robe
rPois    .         Spirit   .   (no helmet)
rElec    .         Reflect  +   (no cloak)
rCorr    .         Harm     .   (no gloves)
MR       .....                  (no boots)
Stlth    ++........             b - +2 amulet of reflection
HPRegen  0.04/turn              (no ring)
MPRegen  0.08/turn              (no ring)

@: no status effects
A: change form in water, swift swim, stealthy swim
a: no special abilities


You were on level 1 of the Dungeon.
You were not hungry.

You visited 1 branch of the dungeon, and saw 1 of its levels.

Inventory:

Armour
 a - a +0 robe (worn)
Jewellery
 b - a +2 amulet of reflection (around neck)
   (You found it on level 1 of the Dungeon)
Comestibles
 e - a ration {!d}


   Skills:
 + Level 0.2 Fighting
 + Level 2.8 Dodging
 + Level 2.2 Stealth
 + Level 2.0 Spellcasting
   Level 0.7 Conjurations
 + Level 3.3 Ice Magic


You had 3 spell levels left.
You knew the following spells:

 Your Spells              Type           Power        Failure   Level  Hunger
a - Freeze                Ice            ##..         6%          1    ##.....

Your spell library contained the following spells:

 Spells                   Type           Power        Failure   Level  Hunger
 Throw Frost              Conj/Ice       #.....       16%         2    ###....
 Ozocubu's Armour         Chrm/Ice       #.......     34%         3    ####...
 Throw Icicle             Conj/Ice       #.......     71%         4    #####..
 Summon Ice Beast         Ice/Summ       #.......     75%         4    #####..


Dungeon Overview and Level Annotations

Branches:
Dungeon (1/15)

Altars:


Message History

The ball python bites you. The ball python constricts you.
You hit the ball python.
You kill the ball python!
Unknown command.
You start resting.
You start resting.
b - a dented jasper amulet Put on which piece of jewellery? (? for menu, Esc to quit)
b - a +2 amulet of reflection (around neck)
Things that are here:
a frilled lizard corpse; a kobold corpse You butcher the frilled lizard corpse.
c - a chunk of flesh
Things that are here:
a frilled lizard skeleton; a kobold corpse
Things that are here:
a frilled lizard skeleton; a kobold corpse
Found a stone staircase leading down.
A hobgoblin comes into view. It is wielding a +0 club.
Found a ring mail.
A hobgoblin comes into view.
The hobgoblin shouts!
A hobgoblin comes into view. It is wielding a +0 club.
A frilled lizard comes into view.
You start waiting.
The hobgoblin is too close now for your liking.
Aim: a hobgoblin You miscast Freeze.
You are very lightly contaminated with residual magic.
You hear a crackling sound.
The hobgoblin barely misses you.
Aim: a hobgoblin You freeze the hobgoblin.
The hobgoblin closely misses you.
Aim: a hobgoblin (lightly wounded)
You freeze the hobgoblin. The hobgoblin misses you.
You hit the hobgoblin.
You kill the hobgoblin!
You closely miss the hobgoblin. The hobgoblin hits you with a +0 club.
You hit the hobgoblin but do no damage. The hobgoblin hits you with a +0 club.
* * * LOW HITPOINT WARNING * * *
A giant cockroach comes into view.
The giant cockroach moves out of view.
Aim: a hobgoblin, wielding a +0 club You freeze the hobgoblin.
The hobgoblin hits you with a +0 club.
* * * LOW HITPOINT WARNING * * *
All of the chunks of flesh in your inventory have rotted away.
Your magical contamination has completely faded away.
The hobgoblin hits you with a +0 club!
Ouch! That really hurt!
You die...

#. #. +. #. #.## #.
..# #.#.
#.########### #.##
#@#P#P#P#P#P###.##
###g............#.#.
#..............<#..
#...รท....(......#.#
#...#P#P#P#P#P###.##
###.###########.....
#.......s......##+
###.....#####.....
#.....# #.>#..


You could see a hobgoblin.

Vanquished Creatures
  A hobgoblin (D:1)
  A ball python (D:1)
  A frilled lizard (D:1)
  A kobold (D:1)
4 creatures vanquished.

Notes
Turn   | Place    | Note
-------+----------+-------------------------------------------
     0 | D:1      | MalarOregon the Merfolk Ice Elementalist began the quest
                  | for the Orb.
     0 | D:1      | Reached XP level 1. HP: 13/13 MP: 3/3
   243 | D:1      | Mangled by a hobgoblin

Action                   || total
-------------------------++-------
Melee: Unarmed           ||     7
 Cast: Freeze            ||     7
Armor: Robe              ||     1
Dodge: Dodged            ||    16
